 Dungeon Crawl Stone Soup version 0.18.1-6-gd335043 (webtiles) character file.

18126 M4edhros the Impaler (level 12, -28/89 HPs)
             Began as a Formicid Fighter on May 20, 2016.
             Was a High Priest of Yredelemnul.
             Annihilated by a white ugly thing (36 damage)
             ... on level 12 of the Dungeon.
             The game lasted 00:16:10 (14066 turns).

M4edhros the Impaler (Formicid Fighter)            Turns: 14066, Time: 00:16:11

Health: -28/89     AC: 21    Str: 21    XL:     12   Next: 91%
Magic:  19/25      EV: 12    Int:  9    God:    Yredelemnul [*****.]
Gold:   816        SH: 11    Dex: 14    Spells: 0 memorised, 11 levels left

rFire  + + .     SeeInvis +     n - +1 glaive
rCold  . . .     Gourm    .     P - +9 ring mail "Behamn" {*Corrode *Confuse rPois MP+9}
rNeg   . . .     Faith    .     c - +0 shield
rPois  +         Spirit   .     (helmet unavailable)
rElec  .         Dismiss  .     I - +2 cloak
rCorr  .         Reflect  .     D - +1 pair of gloves
SustAt .         Harm     +     v - +0 pair of boots
MR     +....                    K - amulet of harm
Stlth  +.........               L - ring of protection from fire
                                k - ring of protection from fire

@: somewhat resistant to hostile enchantments, very unstealthy
A: permanent stasis, dig shafts and tunnels, four strong arms, antennae 3
a: Dig, Shaft Self, Recall Undead Slaves, Injury Mirror, Animate Dead, Drain
Life, Enslave Soul, Renounce Religion


You were on level 12 of the Dungeon.
You worshipped Yredelemnul.
Yredelemnul was extremely pleased with you.
You were very hungry.

You visited 1 branch of the dungeon, and saw 12 of its levels.
You also visited: Sewer.

You collected 816 gold pieces.

Inventory:

Hand Weapons
 a - a +0 trident
 n - a +1 glaive (weapon)
 s - a +0 short sword of venom
Missiles
 H - 7 poisoned tomahawks (quivered)
Armour
 c - a +0 shield (worn)
 v - a +0 pair of boots (worn)
 B - a +2 robe of positive energy
 D - a +1 pair of gloves (worn)
 I - a +2 cloak (worn)
 N - the +4 ring mail of a ziggurat {rPois Str+3}
   (You found it on level 4 of the Dungeon)

   It affects your strength (+3).
   It protects you from poison.
 P - the +9 ring mail "Behamn" (worn) {*Corrode *Confuse rPois MP+9}
   (You found it on level 10 of the Dungeon)

   It protects you from poison.
   It affects your magic capacity (+9).
   It may corrode you when you take damage.
   It may confuse you when you take damage.
Jewellery
 k - a ring of protection from fire (left hand)
 C - an uncursed ring of wizardry
 K - an amulet of harm (around neck)
 L - a ring of protection from fire (right hand)
 Q - an uncursed amulet of rage {unknown}
Wands
 y - a wand of lightning (0/15)
 A - a wand of random effects (35/48)
 E - a wand of disintegration (11/24)
 M - a wand of lightning (4/15)
 S - a wand of random effects (17/48)
 V - a wand of enslavement (12/24)
Scrolls
 g - 3 scrolls of magic mapping
 i - 12 scrolls of remove curse
 m - 2 scrolls of immolation
 r - 6 scrolls of teleportation
 t - a scroll of blinking {unknown}
 w - 3 scrolls of recharging
 J - 4 scrolls of fear
 R - a scroll of enchant armour
 U - a scroll of summoning {unknown}
Potions
 b - a potion of brilliance
 e - 3 potions of flight
 l - 2 potions of degeneration
 q - a potion of agility
 u - 3 potions of curing
 z - a potion of heal wounds
 F - a potion of lignification
 G - 2 potions of cancellation
 O - a potion of beneficial mutation {unknown}
 T - a potion of might
Books
 d - an Akashic Record

   Spells                             Type                      Level
   a - Dispersal                      Translocation                6
   b - Malign Gateway                 Summoning/Translocation      7
   c - Disjunction                    Translocation                8
   d - Controlled Blink               Translocation                8
 p - a Fen Folio

   Spells                             Type                      Level
   a - Corpse Rot                     Necromancy                   2
   b - Stone Arrow                    Conjuration/Earth            3
   c - Leda's Liquefaction            Hexes/Earth                  4
   d - Summon Forest                  Summoning/Translocation      5
   e - Hydra Form                     Transmutation                6
   f - Summon Hydra                   Summoning                    7
Comestibles
 f - 13 bread rations
 h - 10 slices of pizza
 j - 13 fruits
 o - 4 beef jerkies
 x - 5 meat rations


   Skills:
 + Level 6.6 Fighting
 + Level 16.5 Polearms
 - Level 3.2 Armour
 + Level 4.7 Dodging
 + Level 7.1 Shields
 + Level 5.9 Invocations


You had 11 spell levels left.
You didn't know any spells.

Dungeon Overview and Level Annotations

Branches:
Dungeon (12/15)            Temple (0/1) D:4            Lair (0/8) D:9
    Orc (0/2) D:11

Altars:
Elyvilon
Kikubaaqudgha
Pakellas
Qazlal
Sif Muna
Xom
Yredelemnul
The Shining One


Innate Abilities, Weirdness & Mutations

You are under a permanent stasis effect.
You can dig through walls and to a lower floor.
Your four strong arms can wield two-handed weapons with a shield.
You have a pair of large antennae on your head (SInv).


Message History

You fail to use your ability.
The white ugly thing claws you but does no damage.
You fail to use your ability.
The white ugly thing misses you.
You fail to use your ability.
You block the white ugly thing's attack.
You fail to use your ability.
The white ugly thing claws you! The white ugly thing freezes you!
* * * LOW HITPOINT WARNING * * *
You draw life from your surroundings.
You draw life from the troll.
The troll is moderately wounded.
You draw life from the white ugly thing.
The white ugly thing is lightly wounded.
You feel life flooding into your body.
You are feeling very hungry.
The white ugly thing claws you!
* * * LOW HITPOINT WARNING * * *
The white ugly thing freezes you!!
You die...
Your body rises from the dead as a mindless zombie.

#################
#.....<....z..z.#
#.#######..####z#
####.#.#####..# #.###########
.z.z....<.....####...........#
######.#####..Tu@......#####.#
### #..W#######.# #.# #.#.#
#.# #z# #.#W# #.# #z# #.#.#
#.# #z# ############.#.####
#.# #.# #.................#
#.# #.### #.##########.#.##.##
#.# #..z# ..#
#.#.#...###.#######z##


You could see a white ugly thing, a troll and a wraith.

Vanquished Creatures
  Fannar (D:10)
  Harold (D:10)
  An ogre mage (D:10)
  Nergalle (D:9)
  The ghost of Denapoli the Severer, a novice HOFi of Okawaru (D:6)
  A hill giant (D:10)
  Pikel (D:8)
  Maurice (D:10)
  Psyche (D:8)
  2 gargoyles
  3 trolls
  6 two-headed ogres (D:10)
  Prince Ribbit (D:8)
  4 wyverns
  4 hippogriffs
  A wraith (D:10)
  12 yaks (D:12)
  Grum (D:8)
  2 hungry ghosts
  A mottled dragon (D:11)
  2 hell hounds (D:9)
  2 water moccasins
  A black bear (D:8)
  3 orc warriors
  An ice beast (D:11)
  2 phantoms
  A wasp (D:9)
  15 ogres
  3 wolves (D:8)
  3 centaurs
  A crocodile (Sewer)
  A big kobold (D:8)
  6 giant frogs
  6 scorpions
  2 killer bees (D:12)
  13 wights
  2 jellies
  4 crimson imps
  A quasit (D:8)
  2 giant frog zombies
  2 centaur zombies
  9 hounds
  3 orc priests
  A centaur skeleton (D:9)
  7 orc wizards
  2 giant frog skeletons
  An iron imp (D:7)
  Terence (D:2)
  Jessica (D:3)
  An iguana (D:10)
  10 worker ants
  A sheep (D:10)
  A hound zombie (D:8)
  A hound skeleton (D:8)
  Robin (D:2)
  A howler monkey zombie (D:5)
  2 worker ant zombies
  11 adders
  2 river rats (D:4)
  3 shadow imps
  An ooze (D:1)
  2 adder zombies
  2 adder skeletons
  6 worms
  A dart slug (D:1)
  3 giant geckos
  37 orcs
  11 giant cockroaches
  15 goblins
  15 hobgoblins
  6 jackals
  7 quokkas
  A ball python (D:4)
  7 bats
  A giant gecko skeleton (D:4)
  3 giant newts
  2 goblin skeletons (D:7)
  2 goblin zombies (D:7)
  3 hobgoblin zombies (D:7)
  A jackal zombie (D:6)
  9 kobolds
  2 kobold skeletons (D:7)
  An orc skeleton (D:7)
  3 orc zombies (D:7)
  8 rats
327 creatures vanquished.

Vanquished Creatures (collateral kills)
  Urug (D:10)
  4 yaks (D:12)
  2 vampire mosquitoes (D:12)
  A human (D:10)
  2 orc warriors
  An ice beast (D:11)
  4 ogres (D:10)
  2 centaurs
  A giant frog (D:11)
  A killer bee (D:12)
  2 orc priests (D:11)
  An iguana (D:11)
  3 worker ants
  3 sheep (D:10)
  An adder (D:11)
  7 orcs
36 creatures vanquished.

Vanquished Creatures (others)
  9 flying skulls
  A wraith (D:12)
  An ogre (D:8)
  2 slaves
  A giant frog (D:9)
  2 wights
  An iguana (D:8)
  2 orcs (D:8)
19 creatures vanquished.

Grand Total: 382 creatures vanquished

Notes
Turn   | Place    | Note
--------------------------------------------------------------
     0 | D:1      | M4edhros the Formicid Fighter began the quest for the Orb.
     0 | D:1      | Reached XP level 1. HP: 18/18 MP: 1/1
   216 | D:1      | Reached XP level 2. HP: 24/24 MP: 2/2
   293 | D:2      | Reached skill level 3 in Polearms
   342 | D:2      | Noticed Terence
   344 | D:2      | Noticed Robin
   365 | D:2      | Reached XP level 3. HP: 18/29 MP: 3/3
   370 | D:2      | Killed Terence
   373 | D:2      | Reached skill level 4 in Polearms
   373 | D:2      | Reached XP level 4. HP: 18/35 MP: 4/4
   389 | D:2      | Killed Robin
  1030 | D:2      | Found a faded altar to an unknown god.
  1038 | D:2      | Became a worshipper of Yredelemnul the Dark
  1038 | D:2      | Reached * piety under Yredelemnul
  1058 | D:2      | Reached XP level 5. HP: 10/41 MP: 5/5
  1437 | D:1      | Reached skill level 5 in Polearms
  2381 | D:3      | Found a glowing golden altar of the Shining One.
  2429 | D:3      | Noticed Jessica
  2437 | D:3      | Killed Jessica
  2473 | D:3      | Noticed a hippogriff
  2501 | D:3      | Killed a hippogriff
  2501 | D:3      | Reached skill level 6 in Polearms
  2501 | D:3      | Reached XP level 6. HP: 25/47 MP: 6/6
  2980 | D:3      | Reached ** piety under Yredelemnul
  3354 | D:4      | Reached skill level 7 in Polearms
  3354 | D:4      | Reached XP level 7. HP: 52/52 MP: 7/7
  3763 | D:4      | Found a glowing drain.
  3803 | Sewer    | Entered a sewer
  4091 | Sewer    | Reached skill level 8 in Polearms
  4308 | D:4      | Found a staircase to the Ecumenical Temple.
  4749 | D:4      | Got a warped ring mail
  4760 | D:4      | Identified the +4 ring mail of a ziggurat {rPois Str+3} (You found it on level 4 of the Dungeon)
  4843 | D:5      | Entered Level 5 of the Dungeon
  5134 | D:5      | Reached XP level 8. HP: 56/58 MP: 8/8
  5518 | D:5      | Reached skill level 9 in Polearms
  6135 | D:6      | Reached *** piety under Yredelemnul
  6152 | D:6      | Noticed Denapoli's ghost (novice HOFi)
  6217 | D:6      | Killed Denapoli's ghost
  6217 | D:6      | Reached skill level 11 in Polearms
  6217 | D:6      | Reached XP level 9. HP: 12/64 MP: 9/9
  7262 | D:7      | Found an ancient bone altar of Kikubaaqudgha.
  7484 | D:7      | Reached skill level 12 in Polearms
  7866 | D:7      | Found a glowing golden altar of the Shining One.
  8161 | D:8      | Reached XP level 10. HP: 70/70 MP: 10/10
  8394 | D:8      | Reached skill level 13 in Polearms
  8863 | D:8      | Noticed Prince Ribbit
  8876 | D:8      | Killed Prince Ribbit
  8902 | D:8      | Noticed Grum
  8919 | D:8      | Killed Grum
  9333 | D:8      | Reached skill level 14 in Polearms
  9387 | D:8      | Noticed Pikel
  9394 | D:8      | Killed Pikel
  9425 | D:8      | Found a deep blue altar of Sif Muna.
  9432 | D:8      | Found an oddly glowing altar of Pakellas.
  9432 | D:8      | Found a basalt altar of Yredelemnul.
  9432 | D:8      | Found a white marble altar of Elyvilon.
  9457 | D:8      | Found a shimmering altar of Xom.
  9482 | D:8      | Noticed Psyche
  9489 | D:8      | Killed Psyche
 10027 | D:9      | Reached XP level 11. HP: 50/75 MP: 11/11
 10064 | D:9      | Reached skill level 15 in Polearms
 10173 | D:9      | Found a staircase to the Lair.
 10327 | D:9      | Found an ancient bone altar of Kikubaaqudgha.
 10947 | D:9      | Found a stormy altar of Qazlal.
 11224 | D:10     | Entered Level 10 of the Dungeon
 11245 | D:10     | Noticed Nergalle
 11245 | D:10     | Noticed Fannar
 11268 | D:9      | Reached **** piety under Yredelemnul
 11416 | D:9      | Noticed a spectral orc warlord
 11528 | D:9      | Killed Nergalle
 11528 | D:9      | Reached skill level 1 in Invocations
 11528 | D:9      | Received a gift from Yredelemnul
 11684 | D:10     | Reached skill level 1 in Dodging
 11692 | D:10     | Killed Fannar
 11737 | D:10     | Noticed a hill giant
 11742 | D:10     | Killed a hill giant
 11878 | D:10     | Noticed Maurice
 11882 | D:10     | Noticed Urug
 11896 | D:10     | Reached skill level 16 in Polearms
 11909 | D:10     | Killed Urug
 12178 | D:10     | Killed Maurice
 12307 | D:10     | Reached skill level 5 in Shields
 12307 | D:10     | Reached XP level 12. HP: 74/85 MP: 14/14
 12307 | D:10     | Received a gift from Yredelemnul
 12316 | D:10     | Reached skill level 5 in Fighting
 12339 | D:10     | Received a gift from Yredelemnul
 12361 | D:10     | Noticed an ogre mage
 12374 | D:10     | Killed an ogre mage
 12554 | D:10     | Noticed Harold
 12576 | D:10     | Killed Harold
 12580 | D:10     | Got a fine ring mail
 12591 | D:10     | Identified the +9 ring mail "Behamn" {*Corrode *Confuse rPois MP+9} (You found it on level 10 of the Dungeon)
 12830 | D:11     | Found a staircase to the Orcish Mines.
 12835 | D:11     | Received a gift from Yredelemnul
 13163 | D:11     | Reached skill level 5 in Invocations
 13547 | D:12     | Reached ***** piety under Yredelemnul
 13628 | D:12     | Received a gift from Yredelemnul
 14066 | D:12     | Annihilated by a white ugly thing

Skill      XL: |  1  2  3  4  5  6  7  8  9 10 11 12 |
---------------+-------------------------------------+-----
Polearms       | 3 4 6 7 8 11 12 14 16 | 16.5
Invocations    | 3 5 |  5.9
Dodging        | 2 4 |  4.7
Shields        | 5 7 |  7.1
Fighting       | 4 6 |  6.6
Armour         | |  3.2

Action                   |  1- 3 |  4- 6 |  7- 9 | 10-12 || total
-------------------------+-------+-------+-------+-------++-------
Melee: Trident           |    56 |   105 |   325 |   136 ||   622
       Short sword       |       |   142 |   149 |       ||   291
       Glaive            |       |       |       |   587 ||   587
Invok: Injury Mirror     |       |       |     1 |       ||     1
       Drain Life        |       |       |       |     1 ||     1
 Abil: Dig               |       |       |     2 |     1 ||     3
Evoke: Wand              |       |       |       |     4 ||     4
  Use: Potion            |     2 |       |    11 |     2 ||    15
       Scroll            |       |       |       |    10 ||    10
 Stab: Distracted        |       |       |       |     6 ||     6
  Eat: Chunk             |       |     6 |     6 |    15 ||    27
       Meat ration       |       |     1 |     2 |     1 ||     4
       Beef jerky        |       |       |       |     2 ||     2
Armor: Scale mail        |    22 |    34 |       |       ||    56
       Plate armour      |       |    61 |    42 |       ||   103
       Ring mail         |       |       |   138 |   170 ||   308
       Skin              |       |       |     9 |       ||     9
Dodge: Dodged            |    18 |    49 |    99 |   189 ||   355
Block: Shield            |    32 |   130 |   175 |   242 ||   579
